 Dungeon Crawl Stone Soup version 0.30.1-11-g7821555f0a (webtiles) character file.

Game seed: 4189942648057280143

38 Ivernyr the Shield-Bearer (level 3, -5/29 HPs)
             Began as a Formicid Fighter on Dec 6, 2023.
             Slain by a gnoll
             ... wielding a +0 halberd
              (7 damage)
             ... on level 1 of the Dungeon.
             The game lasted 00:01:56 (822 turns).

Ivernyr the Shield-Bearer (Formicid Fighter)         Turns: 822, Time: 00:01:57

Health: -5/29      AC:  6    Str: 22    XL:     3   Next: 65%
Magic:  3/3        EV:  9    Int:  7    God:
Gold:   49         SH:  5    Dex: 13    Spells: 2/2 levels left

rFire   . . .        a - +0 quarterstaff
rCold   . . .        c - +0 buckler
rNeg    . . .        b - +0 scale mail
rPois   .            (helmet unavailable)
rElec   .            (no cloak)
rCorr   .            (no gloves)
SInv    +            (no boots)
Will    .....        (no amulet) Stlth
                     (no ring)
HPRegen 0.24/turn    (no ring)
MPRegen 0.08/turn

%: no passive effects
@: no status effects
A: permanent stasis, dig shafts and tunnels, antennae 3, four strong arms
a: Dig, Shaft Self


You were on level 1 of the Dungeon.
You visited 1 branch of the dungeon, and saw 2 of its levels.

You collected 49 gold pieces.

Inventory:

Hand Weapons
 a - a +0 quarterstaff (weapon)
Armour
 b - a +0 scale mail (worn)
 c - a +0 buckler (worn)
Scrolls
 h - 2 scrolls of fog {unknown}
 i - a scroll of immolation {unknown}
 k - a scroll of identify {unknown}
Potions
 d - a potion of might
 e - a potion of attraction {unknown}
 f - a potion of brilliance {unknown}
 g - a potion of curing {unknown}
 j - a potion of heal wounds {unknown}


   Skills:
 + Level 3.6 Fighting
 * Level 2.8 Staves
 + Level 3.6 Armour
 + Level 4.4 Shields


You had 2 spell levels left.
You didn't know any spells.
Your spell library was empty.

Dungeon Overview and Level Annotations

Branches:
Dungeon (2/15)

Altars:


Innate Abilities, Weirdness & Mutations

You cannot be hasted, slowed, berserked, paralysed or teleported.
You can dig through walls and to a lower floor.
You have a pair of large antennae on your head. (SInv)
Your four strong arms can wield two-handed weapons with a shield.


Message History

* * * LOW HITPOINT WARNING * * *
You block the hobgoblin's attack. The hobgoblin barely misses you.
There is a stone staircase leading up here.
The gnoll barely misses you. The hobgoblin barely misses you.
You climb upwards.
There is a stone staircase leading down here.
You block the gnoll's attack. The hobgoblin hits you.
* * * LOW HITPOINT WARNING * * *
You sock the gnoll!
You kill the gnoll!
The hobgoblin barely misses you.
You thump the hobgoblin!
You kill the hobgoblin!
Things that are here:
a +0 flail; a hobgoblin corpse You start resting.
HP restored.
There is a stone staircase leading down here.
You climb downwards.
The hobgoblin barely misses you. You block the hobgoblin's attack.
The gnoll hits you from afar with a +0 halberd.
There is a stone staircase leading up here.
You hit the hobgoblin.
The hobgoblin is severely wounded.
The hobgoblin hits you. You block the gnoll's attack.
You hit the hobgoblin.
You kill the hobgoblin!
The gnoll completely misses you.
The gnoll hits you from afar with a +0 halberd!
You see here a hobgoblin corpse.
The gnoll closely misses you.
There is a stone staircase leading up here.
You block the gnoll's attack. The worm bites you.
You climb upwards.
There is a stone staircase leading down here.
The gnoll hits you with a +0 halberd!
* * * LOW HITPOINT WARNING * * *
The gnoll attacks as you move away! The gnoll hits you with a +0 halberd!
You die...

#.#...## #.#
#....... #.#.###
#.#####.......
#..##
##.............
####
##..############
#..###........#
###.## #........#
#...# #........##
#.### #..........
#@######........##
#>g....#........##
#w####.#........##
#.# #..........##
#.# ##.........##
#.# ##........##
#.# #.)###'####
#.# ##.....# #
#.##########..####


You could see a worm and a gnoll.

Vanquished Creatures
  A gnoll (D:1)
  4 bats (D:1)
  4 giant cockroaches (D:1)
  4 goblins (D:1)
  3 hobgoblins
  4 jackals (D:1)
  4 ball pythons (D:1)
  2 frilled lizards (D:1)
  A rat (D:1)
27 creatures vanquished.

Notes
Turn   | Place    | Note
-------+----------+-------------------------------------------
     0 | D:1      | Ivernyr the Formicid Fighter began the quest for the Orb.
     0 | D:1      | Reached XP level 1. HP: 18/18 MP: 1/1
   104 | D:1      | Reached XP level 2. HP: 24/24 MP: 2/2
   320 | D:1      | Reached XP level 3. HP: 29/29 MP: 3/3
   822 | D:1      | Slain by a gnoll

Illustrated notes

Levels and vault maps discovered:
D:1:      saegor_arrival_simple_e, layout_basic, minmay_ruptured
D:2:      wander_river, layout_rooms, minmay_pentomino_pile

Action                     || total
---------------------------++-------
  Melee: Quarterstaff      ||    77
 Armour: Scale mail        ||    24
  Dodge: Dodged            ||    52
  Block: Buckler           ||    33
